 Dungeon Crawl Stone Soup version 0.31-a0-631-g285b096dc4 (webtiles) character file.

Game seed: 1297440264392666343

7977 Dittersdorf the Protected (level 11, -2/72 HPs)
             Began as a Gargoyle Fighter on Aug 25, 2023.
             Was a High Priest of Okawaru.
             Slain by a fire elemental (9 damage)
             ... summoned by a deep elf pyromancer
             ... on level 10 of the Dungeon.
             The game lasted 00:12:10 (10291 turns).

Dittersdorf the Protected (Gargoyle Fighter)       Turns: 10291, Time: 00:12:11

Health: -2/72      AC: 27    Str: 29    XL:     11   Next: 23%
Magic:  11/11      EV: 15    Int:  8    God:    Okawaru [*****.]
Gold:   434        SH:  6    Dex:  9    Spells: 10/10 levels left

rFire   . . .        a - +1 flail (venom)
rCold   . . .        c - +0 buckler
rNeg    + . .        y - +4 scale mail of a bazaar {Str+4 SInv}
rPois   ∞            v - +0 helmet
rElec   +            r - +2 cloak
rCorr   .            g - +0 pair of gloves
SInv    +            (no boots)
Will    .....        k - amulet of the acrobat Stlth
                     C - +5 ring of evasion
HPRegen 0.32/turn    w - +4 ring of slaying
MPRegen 0.12/turn

%: acrobat
@: on fire, glowing
A: sickness immunity, AC +8, negative energy resistance 1, electricity
resistance, torment resistance 1, petrification resistance
a: Renounce Religion, Heroism, Finesse, Duel


You were on level 10 of the Dungeon.
You worshipped Okawaru.
Okawaru was extremely pleased with you.
You visited 2 branches of the dungeon, and saw 11 of its levels.

You collected 494 gold pieces.
You spent 60 gold pieces at shops.

Inventory:

Hand Weapons
 a - a +1 flail of venom (weapon)
Missiles
 b - 5 curare-tipped darts (quivered)
Armour
 c - a +0 buckler (worn)
 g - a +0 pair of gloves (worn)
 o - a +1 ring mail of cold resistance
 r - a +2 cloak (worn)
 t - a +1 scale mail of fire resistance
 v - a +0 helmet (worn)
 y - the +4 scale mail of a bazaar (worn) {Str+4 SInv}
   (You took it off a gnoll bouda on level 7 of the Dungeon)

   Str+4:     It affects your strength (+4).
   SInv:      It lets you see invisible.
Jewellery
 k - an amulet of the acrobat (around neck)
 n - a ring of protection from cold
 w - a +4 ring of slaying (right hand)
 C - a +5 ring of evasion (left hand)
Wands
 h - a wand of paralysis (10)
 q - a wand of digging (3)
 s - a wand of flame (25)
 E - a wand of light (7)
 F - a wand of roots (6)
Scrolls
 i - a scroll of enchant weapon
 p - a scroll of enchant armour
 u - a scroll of poison
Potions
 d - 2 potions of might
 e - 6 potions of curing
 f - a potion of invisibility
 j - a potion of resistance
 l - 2 potions of enlightenment
 m - 2 potions of heal wounds
 x - 2 potions of haste
 z - 2 potions of lignification {unknown}
 A - a potion of cancellation {unknown}
 B - a potion of degeneration {unknown}
 D - a potion of ambrosia {unknown}
 G - a potion of brilliance {unknown}


   Skills:
 + Level 10.0 Fighting
 + Level 8.9 Maces & Flails
 + Level 10.0 Armour
 + Level 10.0 Shields


You had 10 spell levels left.
You didn't know any spells.
Your spell library contained the following spells:

 Spells                   Type           Power      Damage    Failure   Level
 Blink                    Tloc           0%         N/A       80%         2
 Lesser Beckoning         Tloc           0%         N/A       80%         2
 Momentum Strike          Conj/Tloc      0%         3d8       80%         2
 Gell's Gravitas          Tloc           0%         N/A       95%         3
 Teleport Other           Tloc           0%         N/A       95%         3
 Vhi's Electric Charge    Tloc/Air       0%         N/A       95%         3
 Petrify                  Tmut/Erth      0%         N/A       100%        4
 Arcjolt                  Conj/Air       0%         1d10      100%        5
 Irradiate                Conj/Tmut      0%         3d11      100%        5
 Dispersal                Tloc           0%         N/A       100%        6
 Plasma Beam              Fire/Air       0%         2x1d10    100%        6
 Summon Small Mammal      Summ           Unusable   N/A       N/A         1
 Sublimation of Blood     Necr           Unusable   N/A       N/A         2
 Call Canine Familiar     Summ           Unusable   N/A       N/A         3
 Summon Guardian Golem    Hex/Summ       Unusable   N/A       N/A         3

Dungeon Overview and Level Annotations

Branches:
Dungeon (10/15)            Temple (1/1) D:6            Lair (0/5) D:10
    Orc (0/2) D:9

Altars:
Ashenzari
Cheibriados
Dithmenos
Elyvilon
Fedhas
Gozag
Hepliaklqana
Kikubaaqudgha
Makhleb
Nemelex Xobeh
Okawaru
Qazlal
Ru
Sif Muna
Trog
Uskayaw
Vehumet
Wu Jian
Xom
Yredelemnul
Zin
The Shining One

Shops:
D:2 [   D:3 !   D:6 (   D:9 =

Annotations:
D:2 2 transporters


Innate Abilities, Weirdness & Mutations

You are immune to sickness and miasma.
Your stone body is resilient. (AC +8)
You are immune to poison.
You resist negative energy. (rN+)
You are resistant to electric shocks. (rElec)
You are resistant to unholy torment.
You are immune to petrification.


Message History

You closely miss the fire elemental.
The fire elemental is severely damaged.
The fire elemental misses you. The fire elemental closely misses you.
The deep elf pyromancer points at you and mumbles some strange words.
The bolt of fire hits you!!
The bolt of fire hits the fire elemental.
The fire elemental completely resists.
You are too injured to fight recklessly!
You are too injured to fight recklessly!
You are too injured to fight recklessly!
You are too injured to fight recklessly!
You thump the deep elf pyromancer!
The deep elf pyromancer is poisoned.
The deep elf pyromancer is moderately wounded.
The fire elemental barely misses you. The fire elemental hits you.
The fire elemental burns you!
* * * LOW HITPOINT WARNING * * *
The deep elf pyromancer casts a spell.
The deep elf pyromancer blinks!
There is an open door, spattered with blood here.
You sock the deep elf pyromancer!
The deep elf pyromancer looks as sick as possible!
The deep elf pyromancer is severely wounded.
The fire elemental hits you. The fire elemental burns you!
* * * LOW HITPOINT WARNING * * *
The fire elemental closely misses you.
The deep elf pyromancer gestures at you while chanting.
The sticky flame hits you but does no damage.
You are covered in liquid flames!
You closely miss the deep elf pyromancer.
The deep elf pyromancer is severely wounded.
You are covered in liquid flames!
* * * LOW HITPOINT WARNING * * *
The fire elemental misses you.
The deep elf pyromancer hits you but does no damage.
You hit the deep elf pyromancer.
The deep elf pyromancer looks as sick as possible!
The deep elf pyromancer is almost dead.
You are covered in liquid flames!
The fire elemental hits you. The fire elemental burns you!
You die...

. ###.....#)>#...P..# #. .#
#.P...####.....## #.
#..P......P...P# #.
##..P.....PP..## #.
#P......P....# #.
#........+#####.....P....##
#. #........#
:..##.......### #.
#........# #°##e......# #.
+........# #EE@.......# #.
#........# ####.......# #.
#....Y...# #.......# #.
#....Y...# ######'## #.
#'## ##...# ##. #..##
#..### #.. ##..# ####.#####
##'# ####.###### #........#
#... #....Y....#
#........######...


You could see a deep elf pyromancer (extremely poisoned) and 2 fire elementals.

Vanquished Creatures
  Snorg (D:10)
  A cyclops (D:9)
  Maggie (D:6)
  A troll (D:9)
  Sigmund (D:5)
  16 yaks
  A wyvern (D:10)
  Menkaure (D:5)
  A warg (D:9)
  2 acid dragons (D:10)
  6 orc warriors
  A black bear (D:10)
  4 ogres
  3 centaurs
  5 bullfrogs
  2 scorpions
  4 wights (D:8)
  16 killer bees
  2 gnoll boudas
  Crazy Yiuf (D:4)
  2 hounds
  4 orc priests
  5 iguanas
  Terence (D:3)
  Natasha (thrice) (D:3 D:2)
  5 orc wizards
  10 gnolls
  6 adders
  3 white imps
  A worm (D:2)
  3 dart slugs
  19 orcs
  9 ball pythons
  7 endoplasms
  5 giant cockroaches
  12 goblins
  6 hobgoblins
  3 quokkas
  7 bats
  A frilled lizard (D:2)
  11 kobolds
  4 rats
197 creatures vanquished.

Notes
Turn   | Place    | Note
-------+----------+-------------------------------------------
     0 | D:1      | Dittersdorf the Gargoyle Fighter began the quest for the
                  | Orb.
     0 | D:1      | Reached XP level 1. HP: 14/14 MP: 1/1
    42 | D:1      | Reached XP level 2. HP: 13/19 MP: 2/2
   488 | D:1      | Reached XP level 3. HP: 21/23 MP: 3/3
   995 | D:2      | Found a transporter.
   998 | D:2      | Found Zonut's Antique Armour Boutique.
  1104 | D:2      | Reached XP level 4. HP: 16/29 MP: 4/4
  1338 | D:2      | Found a transporter.
  1895 | D:3      | Found Faikagho's Distillery.
  1895 | D:3      | Found a blossoming altar of Fedhas.
  1896 | D:3      | Noticed Natasha
  1907 | D:3      | Killed Natasha
  1955 | D:3      | Noticed Natasha
  1999 | D:2      | Killed Natasha
  2000 | D:2      | Reached XP level 5. HP: 24/33 MP: 5/5
  2073 | D:2      | Noticed Natasha
  2085 | D:2      | Killed Natasha
  2186 | D:2      | Found a transporter.
  2189 | D:2      | Found Zonut's Antique Armour Boutique.
  2237 | D:2      | Found a transporter.
  2879 | D:3      | Bought a potion of heal wounds for 60 gold pieces
  2913 | D:3      | Noticed an ogre
  2922 | D:3      | Killed an ogre
  2923 | D:3      | Reached XP level 6. HP: 32/39 MP: 6/6
  2963 | D:3      | Identified the +6 short sword "Beheecea" {heavy, Int+3}
  3027 | D:3      | Noticed Terence
  3034 | D:3      | Killed Terence
  3661 | D:4      | Found a runed translucent door.
  3662 | D:4      | Noticed Crazy Yiuf
  3790 | D:4      | Found an ancient bone altar of Kikubaaqudgha.
  4043 | D:4      | Found a shimmering altar of Xom.
  4353 | D:4      | Killed Crazy Yiuf
  4447 | D:5      | Entered Level 5 of the Dungeon
  4458 | D:4      | Reached skill level 5 in Fighting
  4458 | D:4      | Reached skill level 5 in Armour
  4458 | D:4      | Reached skill level 5 in Shields
  4458 | D:4      | Reached XP level 7. HP: 41/44 MP: 7/7
  4743 | D:5      | Noticed Sigmund
  4758 | D:5      | Killed Sigmund
  5256 | D:5      | Noticed Menkaure
  5265 | D:5      | Killed Menkaure
  5266 | D:5      | Reached XP level 8. HP: 39/51 MP: 8/8
  5648 | D:6      | Reached skill level 5 in Maces & Flails
  5719 | D:6      | Noticed Maggie
  5732 | D:6      | HP: 1/51 [disintegration (13)]
  5733 | D:6      | Killed Maggie
  5941 | D:6      | Found Neuwitsa's Weapon Shoppe.
  6037 | D:6      | Found an ornate altar of the Wu Jian Council.
  6355 | D:6      | Reached XP level 9. HP: 38/56 MP: 9/9
  6614 | D:6      | Found a staircase to the Ecumenical Temple.
  6709 | Temple   | Entered the Ecumenical Temple
  7232 | D:7      | Identified the +4 scale mail of a bazaar {Str+4 SInv}
  7408 | D:7      | Found an opulent altar of Gozag.
  7409 | D:7      | Found an iron altar of Okawaru.
  7414 | D:7      | Became a worshipper of Warmaster Okawaru
  8412 | D:8      | Reached * piety under Okawaru
  8785 | D:9      | Found a staircase to the Orcish Mines.
  8815 | D:9      | Reached XP level 10. HP: 48/64 MP: 10/10
  8878 | D:9      | Noticed a cyclops
  8889 | D:9      | Killed a cyclops
  8889 | D:9      | Reached ** piety under Okawaru
  9232 | D:9      | Found Gysiff's Jewellery Boutique.
  9487 | D:10     | Entered Level 10 of the Dungeon
  9550 | D:10     | Reached *** piety under Okawaru
  9841 | D:10     | Found a staircase to the Lair.
  9848 | D:10     | Reached **** piety under Okawaru
  9901 | D:10     | Noticed Snorg
  9948 | D:10     | Reached XP level 11. HP: 63/71 MP: 11/11
  9960 | D:10     | Killed Snorg
 10131 | D:10     | Reached ***** piety under Okawaru
 10137 | D:10     | Reached skill level 10 in Armour
 10137 | D:10     | Reached skill level 10 in Shields
 10140 | D:10     | Reached skill level 10 in Fighting
 10281 | D:10     | Noticed a deep elf pyromancer
 10291 | D:10     | Slain by a fire elemental

Illustrated notes

Levels and vault maps discovered:
D:1:      minmay_arrival_radiant_lines, layout_basic
D:2:      layout_basic, serial_shops, nicolae_shop_drivethru
D:3:      corexii_shack_village, layout_loops_cross, fedhas_altar_2,
          serial_shops, shop, uniq_natasha, uniq_terence
D:4:      layout_gridville, mainiacjoe_overflow_catch_the_wave, serial_bayou,
          serial_bayou_crossing, serial_bayou_ford_a, serial_bayou_shore_b,
          serial_bayou_shore_a, uniq_crazy_yiuf_cottage
D:5:      layout_cave_pods, uniq_sigmund, uniq_menkaure
D:6:      layout_loops_ring, nicolae_wu_jian_wuxing_cycle,
          minmay_temple_entry_proselytizer, serial_shops,
          nicolae_shop_scrapyard, uniq_maggie
D:7:      layout_basic, gammafunk_temple_overflow_wave
D:8:      layout_rooms
D:9:      layout_cave_pods, david_orc_3, serial_shops, nicolae_shop_stone
D:10:     layout_roguey, grunt_lair_entry_orc_guard_hut, minmay_microvault,
          uniq_snorg
Temple:   kb_temple_of_zot

Skill      XL: |  1  2  3  4  5  6  7  8  9 10 11 |
---------------+----------------------------------+-----
Fighting       | 4 5 6 8 9 10 | 10.0
Armour         | 4 5 6 8 9 10 | 10.0
Shields        | 4 5 6 8 9 10 | 10.0
Maces & Flails | 3 4 5 7 8 |  8.9

Action                     |  1- 3 |  4- 6 |  7- 9 | 10-12 || total
---------------------------+-------+-------+-------+-------++-------
  Melee: Flail             |   111 |   171 |   300 |   168 ||   750
  Throw: Dart              |       |     6 |     3 |     2 ||    11
    Use: Scroll            |       |     5 |     7 |     3 ||    15
 Armour: Scale mail        |    65 |    35 |   131 |    60 ||   291
         Ring mail         |       |    50 |    58 |       ||   108
  Dodge: Dodged            |    57 |    76 |   209 |   115 ||   457
  Block: Buckler           |    28 |    30 |    85 |    50 ||   193

Table legend: (Time is in decaauts)
 A = Elapsed time spent in this place.
 B = Non-inter-level travel time spent in this place.
 C = Inter-level travel time spent in this place.
 D = Time resting spent in this place.
 E = Time spent auto-exploring this place.
 F = Levels seen in this place.
 G = Mean time per level.
                   A        B        C        D        E       F      G
               +--------+--------+--------+--------+--------+-----+--------+
         Total |  10441 |  10055 |    386 |   1526 |   6713 |  11 |  949.2 |
       Dungeon |  10439 |  10053 |    386 |   1526 |   6713 |  10 | 1043.9 |
        Temple |      1 |      1 |      0 |      0 |      0 |   1 |    1.0 |
               +--------+--------+--------+--------+--------+-----+--------+

Top non-repeatable levels by time:
     D:2: 1896 daAuts
     D:6: 1306 daAuts
     D:5: 1108 daAuts
     D:7: 1034 daAuts
     D:4: 988 daAuts
     D:1: 967 daAuts
     D:9: 925 daAuts
     D:3: 809 daAuts
    D:10: 803 daAuts
     D:8: 598 daAuts
  Temple: 1 daAuts
